 Dungeon Crawl Stone Soup version 0.31-a0-43-g46d131a48f (webtiles) character file.

Game seed: 14055054541444187088

4657 pk666 the Thaumaturge (level 10, -2/50 HPs)
             Began as a Deep Elf Fire Elementalist on May 20, 2023.
             Slain by a wyvern (5 damage)
             ... on level 8 of the Dungeon.
             The game lasted 00:12:17 (8797 turns).

pk666 the Thaumaturge (Deep Elf Fire Elementalist)  Turns: 8797, Time: 00:12:17

Health: -2/50      AC:  8    Str:  5    XL:     10   Next: 20%
Magic:  26/26      EV: 16    Int: 25    God:
Gold:   340        SH:  0    Dex: 15    Spells: 22/29 levels left

rFire   . . .        h - +0 dagger
rCold   . . .        (no shield)
rNeg    . . .        a - +0 robe
rPois   .            (helmet restricted)
rElec   .            (no cloak)
rCorr   .            g - +2 pair of gloves
SInv    .            k - +2 pair of boots
Will    +....        (no amulet)
Stlth   ++           (no ring)
HPRegen 0.28/turn    (no ring)
MPRegen 0.20/turn

%: no passive effects
@: no status effects
A: antennae 1
a: no special abilities


You were on level 8 of the Dungeon.
You visited 2 branches of the dungeon, and saw 9 of its levels.

You collected 340 gold pieces.

Inventory:

Hand Weapons
 h - a +0 dagger (weapon)
 x - the +3 sling of Gluttony {drain, rC+ Int+2}
   (You found it on level 5 of the Dungeon)

   Int:       It affects your intelligence (+2).
   rC:        It protects you from cold.
Armour
 a - a +0 robe (worn)
 g - a +2 pair of gloves (worn)
 k - a +2 pair of boots (worn)
 r - a +1 helmet of see invisible
Wands
 A - a wand of flame (6)
Scrolls
 d - 3 scrolls of poison {unknown}
 e - 2 scrolls of vulnerability {unknown}
 n - a scroll of noise {unknown}
 q - 2 scrolls of brand weapon {unknown}
 s - a scroll of enchant weapon {unknown}
 t - a scroll of fog {unknown}
 v - 2 scrolls of immolation {unknown}
 w - 8 scrolls of identify {unknown}
 y - a scroll of blinking {unknown}
 z - 2 scrolls of torment {unknown}
 B - 3 scrolls of amnesia {unknown}
 C - a scroll of enchant armour {unknown}
 D - a scroll of magic mapping {unknown}
Potions
 b - 2 potions of magic
 c - a potion of curing {unknown}
 f - 2 potions of mutation
 i - 2 potions of brilliance {unknown}
 j - a potion of invisibility {unknown}
 l - a potion of ambrosia {unknown}
 m - 2 potions of degeneration {unknown}
 o - a potion of flight {unknown}
 p - a potion of berserk rage {unknown}
 u - 2 potions of heal wounds {unknown}


   Skills:
 + Level 9.2 Dodging
 - Level 2.4 Stealth
 + Level 10.2 Spellcasting
 * Level 8.5 Conjurations
 + Level 8.8 Fire Magic


You had 22 spell levels left.
You knew the following spells:

 Your Spells              Type           Power      Damage    Failure   Level
a - Foxfire               Conj/Fire      100%       2x1d9     1%          1
b - Scorch                Fire           100%       2d9       1%          2
c - Flame Wave            Conj/Fire      54%        2d13      1%          4

Your spell library contained the following spells:

 Spells                   Type           Power      Damage    Failure   Level
 Magic Dart               Conj           100%       1d8       1%          1
 Searing Ray              Conj           100%       2d8       1%          2
 Inner Flame              Hex/Fire       34%        N/A       2%          3
 Volatile Blastmotes      Fire/Tloc      68%        2d15      2%          3
 Necrotise                Necr           48%        1d6       4%          1
 Summon Small Mammal      Summ           48%        N/A       4%          1
 Ensorcelled Hibernation  Hex/Ice        24%        N/A       8%          2
 Fulminant Prism          Conj/Hex       17%        3d10      9%          4
 Call Canine Familiar     Summ           12%        N/A       14%         3
 Spider Form              Tmut/Pois      12%        N/A       14%         3
 Summon Guardian Golem    Hex/Summ       12%        N/A       14%         3
 Vampiric Draining        Necr           12%        2d6       14%         3
 Anguish                  Hex/Necr       6%         N/A       43%         4
 Orb of Destruction       Conj           26%        9d9       77%         7
 Agony                    Necr           12%        N/A       80%         5
 Spellforged Servitor     Conj/Summ      17%        N/A       100%        7


Dungeon Overview and Level Annotations

Branches:
Dungeon (8/15)             Temple (1/1) D:5
   Lair: D:8-11

Altars:
Dithmenos
Gozag
Kikubaaqudgha
Makhleb
Nemelex Xobeh
Qazlal
Sif Muna
Trog
Uskayaw
Wu Jian
Xom
Yredelemnul
Zin
The Shining One

Shops:
D:6 [

Annotations:
D:4 1 runed translucent door, Crazy Yiuf


Innate Abilities, Weirdness & Mutations

You have a pair of small antennae on your head.


Message History

Casting: Foxfire (safe; 1% risk of failure)
Confirm with . or Enter, or press ? or * to list all spells.
You conjure some foxfire!
The basilisk gazes at you.
You are slowing down.
The foxfire hits the basilisk.
The basilisk is heavily wounded.
The foxfire hits the basilisk.
The basilisk is heavily wounded.
The basilisk gazes at you.
Your limbs have turned to stone.
A black bear comes into view.
You have turned to stone.
The black bear growls angrily.
The wyvern bites you! The wyvern bites you. The wyvern bites you.
The basilisk gazes at you.
You easily resist.
The wyvern bites you. The wyvern bites you! The basilisk gazes at you.
You easily resist.
The wyvern bites you!
The wyvern bites you but does no damage.
The wyvern bites you. The basilisk bites you.
The wyvern bites you but does no damage.
The basilisk bites you! The wyvern bites you!
* * * LOW HITPOINT WARNING * * *
The wyvern bites you!
* * * LOW HITPOINT WARNING * * *
The basilisk bites you!
* * * LOW HITPOINT WARNING * * *
You turn to flesh and can move again.
It was a potion of mutation.
You feel extremely strange. A pair of antennae grows on your head!
Your +1 helmet of see invisible falls away!
You feel less perceptive. The wyvern misses you.
The basilisk barely misses you.
Magic restored.
The wyvern bites you.
You die...

## #. .# #. .#
####. # .# ##....
..!.####.# .....
.)...)†<.# ...
.......).#
#.##.....##..#
#.@#.... #l.#
.......llh....##..#
.##.##........##.$#
# #...P....##..#
.P.♣.P...##..#
........P..
PP..♣?.....
.....P..P...


You could see a basilisk, a black bear and a wyvern.

Vanquished Creatures
  Sigmund (D:6)
  A wyvern (D:7)
  5 yaks (D:8)
  2 steam dragons (D:7)
  A water moccasin (D:7)
  3 orc warriors
  A sky beast (D:6)
  3 ogres
  A centaur (D:6)
  A wolf (D:8)
  2 phantoms (D:7)
  Blork the orc (D:6)
  A kobold brigand (D:5)
  A bullfrog (D:7)
  A gnoll sergeant (D:7)
  4 scorpions
  17 wights
  A howler monkey (D:7)
  3 orc priests
  3 hounds (D:5)
  2 jellies
  A sleepcap (D:5)
  Jessica (D:2)
  3 iguanas
  6 orc wizards
  Robin (D:3)
  6 adders
  16 gnolls
  A shadow imp (D:6)
  An ufetubus (D:6)
  2 worms
  6 dart slugs
  28 orcs
  4 bats
  4 endoplasms
  2 giant cockroaches
  16 goblins
  10 hobgoblins
  4 jackals
  4 ball pythons
  6 frilled lizards
  13 kobolds
  2 rats (D:3)
  A butterfly (D:5)
193 creatures vanquished.

Vanquished Creatures (others)
  516 foxfires
516 creatures vanquished.

Grand Total: 709 creatures vanquished

Notes
Turn   | Place    | Note
-------+----------+-------------------------------------------
     0 | D:1      | pk666 the Deep Elf Fire Elementalist began the quest for
                  | the Orb.
     0 | D:1      | Reached XP level 1. HP: 10/10 MP: 6/6
   292 | D:1      | Reached XP level 2. HP: 15/15 MP: 4/8
   868 | D:1      | Learned a level 2 spell: Scorch
  1169 | D:2      | Reached XP level 3. HP: 19/19 MP: 6/10
  1660 | D:2      | Noticed Jessica
  1668 | D:2      | Killed Jessica
  1669 | D:2      | Reached skill level 4 in Spellcasting
  1669 | D:2      | Reached XP level 4. HP: 21/24 MP: 8/12
  2324 | D:3      | Found a sparkling altar of Nemelex Xobeh.
  2422 | D:3      | Reached XP level 5. HP: 28/28 MP: 7/13
  2626 | D:3      | Noticed Robin
  2633 | D:3      | Killed Robin
  3021 | D:3      | Learned a level 4 spell: Flame Wave
  3087 | D:4      | Found a runed translucent door.
  3088 | D:4      | Noticed Crazy Yiuf
  3200 | D:4      | Reached XP level 6. HP: 32/32 MP: 11/15
  3255 | D:4      | Reached skill level 5 in Spellcasting
  3619 | D:4      | Reached skill level 5 in Fire Magic
  4140 | D:5      | Entered Level 5 of the Dungeon
  4192 | D:5      | Reached XP level 7. HP: 36/36 MP: 10/17
  4192 | D:5      | Identified the +3 sling of Gluttony {drain, rC+ Int+2}
  4369 | D:5      | Reached skill level 5 in Dodging
  4421 | D:5      | Reached skill level 6 in Spellcasting
  5169 | D:5      | Found a staircase to the Ecumenical Temple.
  5307 | Temple   | Entered the Ecumenical Temple
  5526 | D:5      | Reached skill level 5 in Conjurations
  5526 | D:5      | Reached XP level 8. HP: 41/41 MP: 12/20
  5643 | D:6      | Noticed Sigmund
  5687 | D:6      | Reached skill level 7 in Spellcasting
  6066 | D:6      | Killed Sigmund
  6207 | D:6      | Reached skill level 8 in Spellcasting
  6408 | D:6      | Reached XP level 9. HP: 44/45 MP: 11/23
  6653 | D:6      | Found Zuribao's Antique Armour Emporium.
  6656 | D:6      | Noticed Blork the orc
  6663 | D:6      | Killed Blork the orc
  7429 | D:7      | Reached skill level 9 in Spellcasting
  8226 | D:7      | Found a glowing silver altar of Zin.
  8410 | D:8      | Reached XP level 10. HP: 34/50 MP: 8/25
  8547 | D:8      | Reached skill level 10 in Spellcasting
  8795 | D:8      | HP: 2/50 [basilisk (7)]
  8796 | D:8      | Gained mutation: You have a pair of small antennae on your
                  | head. [potion of mutation]
  8797 | D:8      | Slain by a wyvern

Illustrated notes

Levels and vault maps discovered:
D:1:      scummos_arrival_simple_crosswalls, layout_basic, minmay_pentomino_o4
D:2:      layout_loops_cross, uniq_jessica
D:3:      layout_rooms, mainiacjoe_overflow_concentric_impassable, uniq_robin
D:4:      layout_loops_ring, uniq_crazy_yiuf_cottage
D:5:      layout_basic, minmay_temple_entry_butterflies, minmay_misc_feat_rugged
D:6:      layout_loops_corners, serial_shops, nicolae_shop_tiny_real_fake_doors,
          uniq_sigmund, uniq_blork_the_orc
D:7:      layout_layer_cave, kennysheep_mini_moat, hangedman_decor_lopped
D:8:      layout_basic, worldfamousw_hep_ancestral_shrine,
          fedhas_altar_fruit_tree, minmay_lair_entry_grove,
          gammafunk_ghost_cemetery, nicolae_nh_oracle_at_delphi
Temple:   nicolae_temple_bog_church

Skill      XL: |  1  2  3  4  5  6  7  8  9 10 |
---------------+-------------------------------+-----
Dodging        | 3 4 6 7 9 |  9.2
Conjurations   | 2 3 4 5 6 8 |  8.5
Spellcasting   | 4 5 6 8 9 10 | 10.2
Fire Magic     | 4 5 6 7 8 |  8.8
Stealth        | |  2.4

Action                     |  1- 3 |  4- 6 |  7- 9 | 10-12 || total
---------------------------+-------+-------+-------+-------++-------
   Cast: Foxfire           |    76 |    98 |   136 |     6 ||   316
         Scorch            |     6 |    21 |    92 |     2 ||   121
         Flame Wave        |       |       |     8 |     3 ||    11
    Use: Potion            |       |       |       |     1 ||     1
 Armour: Robe              |    14 |     6 |    17 |     3 ||    40
  Dodge: Dodged            |    31 |    18 |    38 |     7 ||    94

Table legend: (Time is in decaauts)
 A = Elapsed time spent in this place.
 B = Non-inter-level travel time spent in this place.
 C = Inter-level travel time spent in this place.
 D = Time resting spent in this place.
 E = Time spent auto-exploring this place.
 F = Levels seen in this place.
 G = Mean time per level.
                   A        B        C        D        E       F      G
               +--------+--------+--------+--------+--------+-----+--------+
         Total |   8812 |   8444 |    368 |   1516 |   5723 |   9 |  979.1 |
       Dungeon |   8605 |   8263 |    342 |   1516 |   5555 |   8 | 1075.6 |
        Temple |    206 |    180 |     26 |      0 |    168 |   1 |  206.0 |
               +--------+--------+--------+--------+--------+-----+--------+

Top non-repeatable levels by time:
     D:6: 1643 daAuts
     D:7: 1430 daAuts
     D:5: 1336 daAuts
     D:2: 1115 daAuts
     D:4: 1094 daAuts
     D:1: 1081 daAuts
     D:3: 853 daAuts
  Temple: 206 daAuts
     D:8: 49 daAuts
